 Dungeon Crawl Stone Soup version 0.17-a0-1450-g7e755d1 (webtiles) character file.

68 Sirial the Vexing (level 4, -5/24 HPs)
             Began as a Deep Elf Arcane Marksman on June 30, 2015.
             Was an Initiate of Ru.
             Slain by Sirial's ghost (15 damage)
             ... on level 3 of the Dungeon.
             The game lasted 00:06:34 (1856 turns).

Sirial the Vexing (Deep Elf Arcane Marksman)        Turns: 1856, Time: 00:06:35

Health: -5/24      AC:  4    Str:  8    XL:     4   Next: 1%
Magic:  9/9        EV: 13    Int: 18    God:    Ru [......]
Gold:   105        SH:  0    Dex: 15    Spells: 1 memorised, 6 levels left

rFire  . . .     SeeInvis .     a - +0 hand crossbow
rCold  . . .     Clarity  .     c - +0 robe
rNeg   . . .     SustAt   .     (no shield)
rPois  .         Gourm    .     (no helmet)
rElec  .         Spirit   .     (no cloak)
rCorr  .         Warding  .     o - +1 pair of gloves
rMut   .         Stasis   .     (no boots)
MR     .....                    (no amulet)
Stlth  ++........               (no ring)
                                (no ring)

@: not resistant to hostile enchantments, unstealthy
A: no striking features
a: Renounce Religion


You were on level 3 of the Dungeon.
You worshipped Ru.
Ru was noncommittal.
You were not hungry.

You visited 1 branch of the dungeon, and saw 3 of its levels.

You collected 105 gold pieces.

Inventory:

Hand weapons
 a - a +0 hand crossbow (weapon)
Missiles
 f - 21 arrows
 k - 2 javelins (quivered)
 s - 3 needles of frenzy
Armour
 c - a +0 robe (worn)
 o - a +1 pair of gloves (worn)
 q - a +1 pair of gloves
Jewellery
 p - an uncursed amulet of stasis {unknown}
Scrolls
 h - 2 scrolls of identify
 i - 2 scrolls of random uselessness
 m - 2 scrolls of magic mapping {unknown}
 n - a scroll of enchant weapon {unknown}
 t - a scroll of recharging {unknown}
 u - a scroll of remove curse {unknown}
 v - a scroll of teleportation {unknown}
 w - a scroll of noise {unknown}
Potions
 j - 2 potions of heal wounds {unknown}
 l - a potion of curing {unknown}
 r - a potion of haste {unknown}
Books
 d - a book of Debilitation

   Spells                             Type                      Level
   a - Corona                         Hexes                        1
   b - Slow                           Hexes                        2
   c - Gell's Gravitas                Hexes/Translocation          3
   d - Inner Flame                    Hexes/Fire                   3
   e - Cause Fear                     Hexes                        4
   f - Leda's Liquefaction            Hexes/Earth                  4
Comestibles
 e - 2 bread rations
 g - 2 beef jerkies
 x - a meat ration


   Skills:
 + Level 0.8 Fighting
 * Level 2.8 Crossbows
 * Level 3.2 Dodging
 + Level 0.3 Stealth
 + Level 2.1 Spellcasting
 + Level 4.6 Hexes


You had 6 spell levels left.
You knew the following spells:

 Your Spells              Type           Power        Failure   Level  Hunger
a - Corona                Hex            ###....      2%          1    #......


Dungeon Overview and Level Annotations

Branches:
Dungeon (3/15)

Altars:
Ru

Annotations:
D:3 Sirial's ghost, average DsMo


Message History

Aim: Sirial's ghost You shoot a bolt.
The bolt misses Sirial's ghost.
Sirial's ghost closely misses you.
A goblin comes into view. It is wielding a dagger.
Firing (i - inventory. (,) - cycle):
b - a bolt (quivered)
Press: ? - help, Shift-Dir - straight line, f/p - Sirial's ghost
Aim: Sirial's ghost You shoot a bolt.
The goblin shouts!
The bolt hits Sirial's ghost but does no damage.
Sirial's ghost hits you. Sirial's ghost closely misses you.
A rat comes into view.
Throwing (i - inventory):
k - 3 javelins (quivered)
Press: ? - help, Shift-Dir - straight line, f/p - Sirial's ghost
Aim: Sirial's ghost You throw a javelin.
The javelin closely misses Sirial's ghost.
The javelin misses the goblin.
Sirial's ghost hits you!
Ouch! That really hurt!
You die...

# #####.#
#@W(g(#..
#.(..r...
#(###....
#<# ...
#.# . #.#
#.# #..
#.#


You could see Sirial's ghost, a goblin and a rat.

Vanquished Creatures
  An adder (D:2)
  3 giant geckos
  2 giant cockroaches (D:2)
  9 hobgoblins
  10 jackals
  8 kobolds
  A ball python (D:3)
  5 bats
  5 goblins
  6 rats
50 creatures vanquished.

Notes
Turn   | Place    | Note
--------------------------------------------------------------
     0 | D:1      | Sirial the Deep Elf Arcane Marksman began the quest for the Orb.
     0 | D:1      | Reached XP level 1. HP: 11/11 MP: 5/5
   167 | D:1      | Reached XP level 2. HP: 11/16 MP: 6/6
   568 | D:1      | Reached XP level 3. HP: 20/20 MP: 8/8
  1374 | D:2      | Found a sacrificial altar of Ru.
  1384 | D:2      | Became a worshipper of Ru the Awakened
  1848 | D:3      | Reached XP level 4. HP: 22/24 MP: 9/9
  1849 | D:3      | Noticed Sirial's ghost (average DsMo)
  1856 | D:3      | Slain by Sirial's ghost

Vault maps used:
D:1:      minmay_arrival_jagged, serial_bayou_pond_d, nrook_mini_vaults,
          st_stairs_7
D:2:      nicolae_ru_the_path_less_chosen
D:3:      elyvilon_altar_4, trog_eyes_of_draining

Action                   |  1- 3 |  4- 6 || total
-------------------------+-------+-------++-------
 Fire: Hand crossbow     |   145 |     4 ||   149
Throw: Javelin           |     1 |     1 ||     2
 Cast: Corona            |    16 |       ||    16
  Use: Scroll            |     3 |       ||     3
  Eat: Meat ration       |     1 |       ||     1
